 Dungeon Crawl Stone Soup version 0.26-a0-660-gc07710193c (webtiles) character file.

Game seed: 11507701354863252004

22 Borbozo the Skirmisher (level 3, -4/26 HPs)
             Began as a Halfling Wanderer on Oct 7, 2020.
             Killed from afar by a worm (30 damage)
             ... with an exploding inner flame
             ... hexed by the player character
             ... on level 2 of the Dungeon.
             The game lasted 00:07:52 (799 turns).

Borbozo the Skirmisher (Halfling Wanderer)           Turns: 799, Time: 00:08:00

Health: -4/26      AC:  8    Str: 14    XL:     3   Next: 7%
Magic:  3/3        EV: 11    Int:  9    God:
Gold:   51         SH:  0    Dex: 14    Spells: 2/2 levels left

rFire    . . .     SeeInvis .   a - +0 falchion
rCold    . . .     Faith    .   (shield restricted)
rNeg     . . .     Spirit   .   c - +2 scale mail
rPois    .         Reflect  .   (no helmet)
rElec    .         Harm     .   (no cloak)
rCorr    .         Rampage  .   (no gloves)
MR       .....                  (no boots)
Stlth    +.........             (no amulet)
HPRegen  0.08/turn              (no ring)
MPRegen  0.08/turn              (no ring)

@: no status effects
A: small, mutation resistance 1
a: no special abilities


You were on level 2 of the Dungeon.
You visited 1 branch of the dungeon, and saw 2 of its levels.

You collected 51 gold pieces.

Inventory:

Hand Weapons
 a - a +0 falchion (weapon)
 d - a +0 dagger
Missiles
 o - 24 arrows
Armour
 c - a +2 scale mail (worn)
 e - a +0 ring mail
 k - a +0 ring mail
 m - a +0 leather armour
Scrolls
 f - a scroll of immolation
 g - 3 scrolls of identify
 i - a scroll of blinking {unknown}
 l - a scroll of remove curse {unknown}
Potions
 b - a potion of curing
 h - a potion of heal wounds {unknown}
 j - a potion of might {unknown}
 n - a potion of haste {unknown}


   Skills:
 + Level 3.0 Fighting
 + Level 2.6 Long Blades
   Level 1.1 Crossbows
 + Level 1.1 Throwing
 + Level 1.2 Armour
 + Level 0.2 Dodging
 + Level 2.3 Stealth


You had 2 spell levels left.
You didn't know any spells.
Your spell library was empty.

Dungeon Overview and Level Annotations

Branches:
Dungeon (2/15)

Altars:
Uskayaw


Innate Abilities, Weirdness & Mutations

You are small and have problems with some larger weapons.
You are somewhat resistant to further mutation.


Message History

Uppercase [Y]es or [N]o only, please.
Really read the scroll of immolation?
As you read the scroll of immolation, it crumbles to dust.
The creatures around you are filled with an inner flame!
A kobold comes into view. It is wielding a +0 dagger.
The worm bites you but does no damage.
You barely miss the worm.
The worm is lightly wounded.
The kobold shouts!
The worm barely misses you.
You riposte.
You hit the worm but do no damage.
The worm is lightly wounded.
You slash the worm!
Flame seeps out of the worm.
The worm is heavily wounded.
You slash the worm!
Flame seeps out of the worm.
The worm is almost dead.
The worm is engulfed in blazing flames.
The worm explodes!
The fiery explosion engulfs you!!
Ouch! That really hurt!
You die...

#.............
#...............
#...............
#................
####.............
#.............
####.............
#......K..........
#.§@§.............
#.§°§............
#.§.§w..........!
#.......#.....#..
#.............# .
#.............# ...
###...........#...w.
#...........[.....
#.................


You could see a worm (inner flame) and a kobold.

Vanquished Creatures
  A dart slug (D:1)
  A giant cockroach (D:1)
  5 goblins (D:1)
  3 hobgoblins (D:1)
  5 bats (D:1)
  3 kobolds
18 creatures vanquished.

Notes
Turn   | Place    | Note
-------+----------+-------------------------------------------
     0 | D:1      | Borbozo the Halfling Wanderer began the quest for the Orb.
     0 | D:1      | Borbozo set off with the following items: a +0 falchion, a
                  | potion of curing, a +2 scale mail, a +0 dagger
     0 | D:1      | Reached XP level 1. HP: 15/15 MP: 1/1
    47 | D:1      | Reached XP level 2. HP: 8/20 MP: 2/2
   521 | D:1      | Reached skill level 3 in Fighting
   708 | D:2      | Reached XP level 3. HP: 22/26 MP: 3/3
   769 | D:2      | Found a hide-covered altar of Uskayaw.
   799 | D:2      | Killed from afar by a worm

Illustrated notes

Levels and vault maps discovered:
D:1:      ebering_trefoil_3fold, layout_rooms
D:2:      layout_basic, overflow_temple_1_default, nrook_mini_vaults,
          hangedman_decor_peaks_small, serial_park_tiny_pond,
          minmay_misc_feat_room

Skill      XL: |  1  2 |
---------------+-------+-----
Fighting       | 3 |  3.0
Long Blades    | |  2.6
Crossbows      | |  1.1
Throwing       | |  1.1
Armour         | |  1.2
Dodging        | |  0.2
Stealth        | |  2.3

Action                   || total
-------------------------++-------
Melee: Falchion          ||    57
  Use: Scroll            ||     2
Armor: Scale mail        ||    39
Dodge: Dodged            ||    41
       Rpst.: Falchion   ||    14

Table legend: (Time is in decaauts)
 A = Elapsed time spent in this place.
 B = Non-inter-level travel time spent in this place.
 C = Inter-level travel time spent in this place.
 D = Time resting spent in this place.
 E = Time spent auto-exploring this place.
 F = Levels seen in this place.
 G = Mean time per level.
                   A        B        C        D        E       F      G
               +--------+--------+--------+--------+--------+-----+--------+
         Total |    808 |    808 |      0 |    240 |      0 |   2 |  404.0 |
       Dungeon |    808 |    808 |      0 |    240 |      0 |   2 |  404.0 |
               +--------+--------+--------+--------+--------+-----+--------+

Top non-repeatable levels by time:
     D:1: 675 daAuts
     D:2: 133 daAuts
